 Dungeon Crawl Stone Soup version 0.22-a0-283-g1871b15 (webtiles) character file.

53 Gorglomux the Sneak (level 3, 17/17 HPs)
             Began as a Felid Fighter on Mar 18, 2018.
             Quit the game on level 3 of the Dungeon.
             The game lasted 00:02:19 (2835 turns).

Gorglomux the Sneak (Felid Fighter)                 Turns: 2835, Time: 00:02:19

Health: 17/17      AC:  1    Str: 13    XL:     3   Next: 62%
Magic:  4/4        EV: 19    Int:  9    God:
Gold:   55         SH:  0    Dex: 15    Spells: 2/2 levels left
                                        Lives:  0   Deaths: 1

rFire    . . .     SeeInvis +     - Unarmed
rCold    . . .     Gourm    .   (shield unavailable)
rNeg     . . .     Faith    .   (armour unavailable)
rPois    .         Spirit   .   (helmet unavailable)
rElec    .         Reflect  .   (cloak unavailable)
rCorr    .         Harm     .   (gloves unavailable)
MR       .....                  (boots unavailable)
Stlth    ++++......             (no amulet)
HPRegen  0.05/turn              (no ring)
MPRegen  0.09/turn              (no ring)

@: quick
A: very small, no armour, no weapons or thrown items, stealth, claws 1, fangs 3,
see invisible, carnivore, speed 1, shaggy fur 1, slow metabolism 1, sharp paws
a: no special abilities


You were on level 3 of the Dungeon.
You were not hungry.

You visited 1 branch of the dungeon, and saw 3 of its levels.

You collected 55 gold pieces.

Inventory:

Scrolls
 i - 4 scrolls of identify {unknown}
 l - a scroll of enchant armour {unknown}
 m - a scroll of teleportation {unknown}
 p - a scroll of enchant weapon {unknown}
 r - a scroll of fog {unknown}
 s - a scroll of fear {unknown}
Potions
 a - 2 potions of might
 c - a potion of resistance {unknown}
 d - a potion of experience {unknown}
 e - a potion of haste {unknown}
 f - a potion of heal wounds
 g - a potion of agility {unknown}
 k - 2 potions of lignification {unknown}
 n - 2 potions of mutation {unknown}
 q - a potion of degeneration {unknown}
Comestibles
 b - 6 rations
 o - 4 chunks of flesh


   Skills:
 - Level 3.0 Fighting
 - Level 4.0 Dodging
 + Level 6.4 Stealth
 - Level 4.0 Unarmed Combat


You had 2 spell levels left.
You didn't know any spells.

Dungeon Overview and Level Annotations

Branches:
Dungeon (3/15)

Altars:
Trog
Yredelemnul


Innate Abilities, Weirdness & Mutations

You cannot wear armour.
You are incapable of wielding weapons or throwing items.
Your paws allow you to move quietly. (Stealth)
You have sharp claws.
You have razor-sharp teeth.
You have supernaturally acute eyesight. (SInv)
You are carnivorous and can eat meat at any time.
You cover ground quickly.
You are covered in fur. (AC +1)
You have a slow metabolism.
Your sharp claws are effective at attacking unaware monsters.


Message History

You see here a jackal skeleton! x2
Some of the chunks of flesh in your inventory have rotted away!
Some of the chunks of flesh in your inventory have rotted away!
i - 4 scrolls labeled EBEYBLOIRI (gained 1) Some of the butts of flesh in your inventory have rotted away!
There is a stone staircase leading down here!
A worm comes into view!
A worm is nearby!!!
A worm is butt!!!
A worm is nearby!!!
The worm completely misses you!
You barely miss the worm! You barely miss the worm!
You claw the worm, but do no damage! The worm bites you!!!
You barely miss the worm! Your claw misses the worm! The worm bites you!!!
BUTT rip You are now level 3!!!
You rejoin the land of the living!!!
Are you sure you want to abandon butts character and quit the game? (Confirm with "yes"!)

............#.#
####()..###
#######.###.#.#
#....#### #.###.#.#
#..####
#######..##.#)####.##
...................#
########.##....#####
#.##>##...#
#....####.# #...##
#@# #...# ### #.>.#
#...# #...# #...#
#...# #####


There were no monsters in sight!

Vanquished Creatures
  Jessica (D:3)
  3 adders (D:2)
  A dart slug (D:1)
  4 leopard geckos
  An orc (D:3)
  3 bats
  5 goblins
  10 hobgoblins
  4 jackals (D:3)
  A quokka (D:2)
  7 frilled lizards
  4 kobolds
  8 rats
52 creatures vanquished.

Notes
Turn   | Place    | Note
-------+----------+-------------------------------------------
     0 | D:1      | Gorglomux the Felid Fighter began the quest for the Orb.
     0 | D:1      | Reached XP level 1. HP: 10/10 MP: 2/2
    93 | D:1      | Reached skill level 1 in Stealth
   468 | D:1      | Reached skill level 2 in Stealth
   501 | D:1      | Reached XP level 2. HP: 10/14 MP: 3/3
   545 | D:1      | Reached skill level 3 in Stealth
  1335 | D:2      | Reached skill level 4 in Stealth
  1335 | D:2      | Reached XP level 3. HP: 17/17 MP: 4/4
  1418 | D:2      | Reached skill level 5 in Stealth
  2099 | D:2      | Reached XP level 4. HP: 17/21 MP: 5/5
  2439 | D:3      | Noticed Jessica
  2451 | D:3      | Killed Jessica
  2451 | D:3      | Reached skill level 6 in Stealth
  2459 | D:3      | Found a bloodstained altar of Trog.
  2629 | D:3      | Found a basalt altar of Yredelemnul.
  2834 | D:3      | Slain by a worm
  2835 | D:3      | Reached XP level 3. HP: -1/17 MP: 4/4
  2835 | D:3      | Quit the game

Vault maps used:
D:1:      nzn_arrival_crosshair
D:2:      first_ration, kennysheep_generic_room_16
D:3:      lemuel_round_altar, lemuel_doored_altar, uniq_jessica

Skill      XL: |  1  2  3  4 |
---------------+-------------+-----
Stealth        | 2 4 5 6 |  6.4
Fighting       | |  3.0
Dodging        | |  4.0
Unarmed Combat | |  4.0

Action                   |  1- 3 |  4- 6 || total
-------------------------+-------+-------++-------
Melee: Unarmed           |   100 |    37 ||   137
       Bite              |     9 |     1 ||    10
       Punch             |     3 |     1 ||     4
  Use: Potion            |     1 |       ||     1
 Stab: Sleeping          |     6 |     7 ||    13
       Distracted        |       |     1 ||     1
  Eat: Chunk             |    10 |     1 ||    11
Armor: Skin              |     3 |     1 ||     4
Dodge: Dodged            |    62 |    22 ||    84

Table legend:
 A = Spawn XP
 B = Non-spawn XP
 C = Spawn XP percentage of total XP
 D = Spawn monster count
 E = Non-spawn monster count
 F = Spawn count percentage of total count
 G = Total turns spent on level
                    A         B        C        D         E        F      G
               +---------+---------+-------+---------+---------+-------+---------
         Total |       0 |     160 |   0.0 |       0 |      52 |   0.0 |  2835
               +---------+---------+-------+---------+---------+-------+---------
           D:1 |       0 |      34 |   0.0 |       0 |      19 |   0.0 |  1659
           D:2 |       0 |      65 |   0.0 |       0 |      18 |   0.0 |   753
           D:3 |       0 |      61 |   0.0 |       0 |      15 |   0.0 |   423
               +---------+---------+-------+---------+---------+-------+---------
